 Dungeon Crawl Stone Soup version 0.21.0-3-g78d12a8 (webtiles) character file.

24392 MovingMist the Nimble (level 13, -1/78 HPs)
             Began as a Gargoyle Fighter on Jan 15, 2018.
             Was the Champion of Okawaru.
             Slain by an entropy weaver (6 damage)
             ... on level 5 of the Lair of Beasts.
             The game lasted 00:41:17 (15456 turns).

MovingMist the Nimble (Gargoyle Fighter)           Turns: 15456, Time: 00:41:18

Health: -1/78      AC: 10    Str: 21    XL:     13   Next: 12%
Magic:  13/13      EV: 15    Int:  9    God:    Okawaru [******]
Gold:   949        SH:  0    Dex: 13    Spells: 8/12 levels left

rFire    . . .     SeeInvis .   D - +4 eveningstar (protect)
rCold    . . .     Gourm    .   (no shield)
rNeg     + . .     Faith    .   J - +1 plate armour
rPois    ∞         Spirit   .   h - +0 helmet
rElec    +         Reflect  .   a - +2 cloak
rCorr    .         Harm     .   (no gloves)
MR       .....                  H - +0 pair of boots
Stlth    ..........             (no amulet)
HPRegen  0.23/turn              y - +2 ring of protection
MPRegen  0.13/turn              g - +3 ring of evasion

@: corroded, very slightly contaminated, invisible
A: negative energy resistance 1, electricity resistance, unbreathing,
petrification resistance, rot immunity, AC +9
a: Heroism, Finesse, Renounce Religion


You were on level 5 of the Lair of Beasts.
You worshipped Okawaru.
Okawaru was exalted by your worship.
You were not hungry.

You visited 3 branches of the dungeon, and saw 16 of its levels.

You collected 949 gold pieces.

Inventory:

Hand Weapons
 D - a +4 eveningstar of protection (weapon)
Armour
 a - a +2 cloak (worn)
 b - a scarf of repulsion
 h - a +0 helmet (worn)
 H - a +0 pair of boots (worn)
 J - a +1 plate armour (worn)
Jewellery
 g - a +3 ring of evasion (right hand)
 p - a +5 ring of dexterity {unknown}
 y - a +2 ring of protection (left hand)
 L - an uncursed ring of positive energy
 M - an uncursed ring of protection from cold {unknown}
 N - an uncursed ring of protection from fire {unknown}
Wands
 i - a wand of paralysis (9)
 A - a wand of digging (19)
Scrolls
 l - 2 scrolls of enchant armour
 o - a scroll of immolation
 r - 3 scrolls of amnesia
 s - a scroll of random uselessness
 u - 6 scrolls of remove curse
 v - 7 scrolls of teleportation
 x - a scroll of identify
 G - a scroll of fog
 K - 2 scrolls of brand weapon
Potions
 d - 3 potions of might
 e - a potion of cancellation {unknown}
 k - a potion of invisibility
 m - 5 potions of lignification
 n - 3 potions of haste
 q - 2 potions of brilliance
 t - a potion of magic
 w - a potion of agility
 z - 3 potions of heal wounds
 B - 10 potions of curing
 C - a potion of resistance
 F - a potion of flight
Comestibles
 f - 15 rations
 j - 11 chunks of flesh


   Skills:
 - Level 8.0 Fighting
 + Level 10.6 Maces & Flails
 + Level 11.8 Armour
 * Level 12.2 Dodging
   Level 3.2 Shields


You had 8 spell levels left.
You knew the following spells:

 Your Spells              Type           Power        Failure   Level  Hunger
a - Corona                Hex            #......      99%         1    ##.....
b - Confuse               Hex            #.......     100%        3    ####...


Dungeon Overview and Level Annotations

Branches:
Dungeon (10/15)            Temple (1/1) D:4            Lair (5/6) D:10
  Swamp (0/4) Lair:2       Spider (0/4) Lair:3          Orc (0/2) D:10
  Slime: Lair:5-6

Altars:
Ashenzari
Cheibriados
Dithmenos
Elyvilon
Fedhas
Gozag
Hepliaklqana
Kikubaaqudgha
Makhleb
Nemelex Xobeh
Okawaru
Qazlal
Ru
Sif Muna
Trog
Uskayaw
Vehumet
Wu Jian
Xom
Yredelemnul
Zin
The Shining One

Shops:
D:9 =   D:10 ([


Innate Abilities, Weirdness & Mutations

You are resistant to torment.
Your stone body is resilient. (AC +9)
You are immune to poison.
You resist negative energy. (rN+)
You are resistant to electric shocks. (rElec)
You can survive without breathing.
You are immune to petrification.
You are immune to rotting.


Message History

The entropy weaver hits you but does no damage.
The worker ant bites you.
* * * LOW HITPOINT WARNING * * *
The worker ant closely misses you.
You closely miss the entropy weaver.
The entropy weaver is moderately wounded.
The soldier ant completely misses you.
The entropy weaver mumbles some strange words.
The entropic weave corrodes you! The worker ant closely misses you.
The worker ant bites you but does no damage.
Your plate armour prevents you from hitting the entropy weaver.
The entropy weaver is lightly wounded.
The soldier ant stings you.
* * * LOW HITPOINT WARNING * * *
The entropy weaver hits you!
* * * LOW HITPOINT WARNING * * *
The entropy weaver hits you.
* * * LOW HITPOINT WARNING * * *
The entropy weaver hits you.
You die...

#......# #P..P##....#
.....#.### ##...#....##
.........###...P##..##
##.......#.†....#...##
.#.......[...........#
.....................#
##....##.##.#...F...##
.#...###.####..#aa...#
......#### #..#@a..###
.....## #.###..#a#..#.#
.#....###.#PP...##F...#
.##........t...# #a..##
.#...........t.# #...##
###...P.#..#...###a...#
..###.##.......a..## ..
..##....a....##
#.P..#..P#...##


You could see an entropy weaver, a spiny frog, a soldier ant, a crocodile
(wandering) and 2 worker ants.

Vanquished Creatures
  Gastronok (Lair:3)
  Harold (Lair:1)
  2 two-headed ogres
  Erica (Lair:1)
  A queen ant (Lair:5)
  Urug (Lair:3)
  Sonja (Lair:3)
  Pikel (D:5)
  2 black mambas
  5 spiny frogs
  A rime drake (Lair:4)
  The ghost of ThereIsNoGod the Ducker, a novice DEAr (D:5)
  A komodo dragon (Lair:2)
  A polar bear (Lair:3)
  A hornet (D:8)
  Grinder (D:6)
  4 hippogriffs
  Sigmund (D:4)
  A wyvern (D:10)
  2 spriggans (Lair:3)
  37 yaks
  The ghost of Swippen the Skirmisher, an amateur GnWn (D:4)
  Grum (Lair:1)
  A basilisk (Lair:4)
  A vampire mosquito (Lair:5)
  7 porcupines
  7 water moccasins
  3 black bears
  A sky beast (D:6)
  A hornet zombie (D:10)
  6 orc warriors
  An ice beast (D:5)
  4 ogres
  A phantom (D:4)
  9 wolves
  3 centaurs
  4 crocodiles
  9 bullfrogs
  A gnoll sergeant (D:10)
  2 scorpions
  11 killer bees (D:10)
  5 wights (D:8)
  3 howler monkeys
  2 crimson imps
  A bullfrog zombie (D:5)
  A hound (D:8)
  3 jellies (D:8)
  Crazy Yiuf (D:6)
  10 orc priests
  A centaur skeleton (D:6)
  Ijyb (D:5)
  10 worker ants
  2 iguanas
  10 orc wizards
  A hound zombie (D:10)
  A worker ant zombie (D:8)
  13 gnolls
  8 adders
  4 shadow imps
  2 oozes (D:2)
  3 adder skeletons
  An adder zombie (D:5)
  5 worms
  A dart slug (D:1)
  4 leopard geckos
  48 orcs
  2 ball pythons
  10 bats
  7 giant cockroaches
  8 goblins
  12 hobgoblins
  6 jackals
  6 quokkas
  6 frilled lizards
  12 kobolds
  13 rats
  A plant (Lair:3)
365 creatures vanquished.

Vanquished Creatures (others)
  A slave (D:8)
  A centaur (D:5)
  2 hounds
  A quasit (D:5)
  An orc priest (D:5)
  An orc wizard (D:5)
  An iguana (D:5)
  A howler monkey zombie (D:5)
  3 orcs
  A giant cockroach (D:5)
  A hobgoblin (D:5)
  A quokka (D:5)
  13 fungi
  10 plants
38 creatures vanquished.

Grand Total: 403 creatures vanquished

Notes
Turn   | Place    | Note
-------+----------+-------------------------------------------
     0 | D:1      | MovingMist the Gargoyle Fighter began the quest for the Orb.
     0 | D:1      | Reached XP level 1. HP: 14/14 MP: 1/1
   106 | D:1      | Reached XP level 2. HP: 19/19 MP: 2/2
   220 | D:1      | Reached skill level 1 in Dodging
   262 | D:1      | Reached XP level 3. HP: 22/23 MP: 3/3
   872 | D:2      | Found an opulent altar of Gozag.
   980 | D:2      | Reached XP level 4. HP: 28/29 MP: 4/4
  1257 | D:2      | Reached skill level 2 in Dodging
  1379 | D:2      | Noticed a moth of wrath
  1382 | D:2      | Found a bloodstained altar of Trog.
  1408 | D:2      | Reached XP level 5. HP: 27/33 MP: 5/5
  1994 | D:3      | Reached XP level 6. HP: 28/39 MP: 6/6
  2210 | D:3      | Reached skill level 3 in Dodging
  2402 | D:4      | Noticed Sigmund
  2433 | D:4      | Killed Sigmund
  2433 | D:4      | Reached XP level 7. HP: 15/44 MP: 7/7
  2704 | D:4      | Found a staircase to the Ecumenical Temple.
  2999 | D:4      | Reached skill level 5 in Fighting
  2999 | D:4      | Reached skill level 5 in Armour
  3047 | D:4      | Noticed Swippen's ghost (amateur GnWn)
  3053 | Temple   | Entered the Ecumenical Temple
  3505 | D:4      | Killed Swippen's ghost
  3505 | D:4      | Reached skill level 4 in Dodging
  3749 | D:4      | Reached XP level 8. HP: 29/49 MP: 8/8
  4207 | D:4      | Found an iron altar of Okawaru.
  4221 | D:4      | Became a worshipper of Warmaster Okawaru
  4288 | D:5      | Entered Level 5 of the Dungeon
  4305 | D:5      | Noticed Pikel
  4325 | D:5      | Killed Pikel
  4325 | D:5      | Reached skill level 5 in Maces & Flails
  4325 | D:5      | Reached skill level 5 in Dodging
  4446 | D:5      | Noticed ThereIsNoGod's ghost (novice DEAr)
  4592 | D:5      | Killed ThereIsNoGod's ghost
  4592 | D:5      | Reached XP level 9. HP: 25/56 MP: 9/9
  5074 | D:5      | Noticed Ijyb
  5075 | D:5      | Paralysed by Ijyb for 2 turns
  5101 | D:5      | Killed Ijyb
  5207 | D:5      | Reached skill level 6 in Dodging
  5848 | D:6      | Reached * piety under Okawaru
  5948 | D:6      | Noticed Grinder
  5950 | D:6      | Paralysed by Grinder for 4 turns
  6001 | D:6      | Paralysed by Grinder for 2 turns
  6004 | D:6      | Killed Grinder
  6058 | D:6      | Found a basalt altar of Yredelemnul.
  6095 | D:6      | Found a runed door.
  6099 | D:6      | Noticed Crazy Yiuf
  6116 | D:6      | Killed Crazy Yiuf
  6285 | D:6      | Found a snail-covered altar of Cheibriados.
  6852 | D:7      | Reached skill level 7 in Dodging
  7164 | D:8      | Noticed a two-headed ogre
  7228 | D:7      | Reached ** piety under Okawaru
  7228 | D:7      | Reached XP level 10. HP: 52/63 MP: 10/10
  7520 | D:7      | Killed a two-headed ogre
  8148 | D:8      | Learned a level 1 spell: Corona
  8152 | D:8      | Learned a level 3 spell: Confuse
  8187 | D:8      | Reached *** piety under Okawaru
  8187 | D:8      | Reached skill level 8 in Dodging
  8577 | D:9      | Noticed a two-headed ogre
  8594 | D:9      | Killed a two-headed ogre
  9261 | D:9      | Found Anweg's Jewellery Boutique.
  9633 | D:9      | Reached XP level 11. HP: 68/68 MP: 11/11
 10098 | D:10     | Entered Level 10 of the Dungeon
 10122 | D:10     | Reached skill level 9 in Dodging
 10164 | D:10     | Found Ygafutz's Weapon Shoppe.
 10202 | D:10     | Found a staircase to the Orcish Mines.
 10204 | D:10     | Found Kifegioz's Armour Shoppe.
 10389 | D:10     | Reached **** piety under Okawaru
 11442 | D:10     | Found a staircase to the Lair.
 11531 | Lair:1   | Entered Level 1 of the Lair of Beasts
 11531 | Lair:1   | Noticed Grum
 11554 | D:10     | Reached ***** piety under Okawaru
 11554 | D:10     | Reached skill level 10 in Dodging
 11582 | Lair:1   | Killed Grum
 11697 | Lair:1   | Noticed Erica
 11722 | Lair:1   | Killed Erica
 11722 | Lair:1   | Reached skill level 10 in Armour
 11732 | Lair:1   | Noticed Harold
 11768 | Lair:1   | Killed Harold
 12520 | Lair:2   | Received a gift from Okawaru
 12634 | Lair:2   | Found a staircase to the Swamp.
 12690 | Lair:2   | Reached XP level 12. HP: 67/73 MP: 12/12
 13209 | Lair:3   | Found a hole to the Spider Nest.
 13328 | Lair:3   | Noticed Gastronok
 13334 | Lair:3   | Reached skill level 11 in Dodging
 13355 | Lair:3   | Killed Gastronok
 13355 | Lair:3   | Received a gift from Okawaru
 13476 | Lair:3   | Reached ****** piety under Okawaru
 13496 | Lair:3   | Reached skill level 10 in Maces & Flails
 13629 | Lair:3   | Noticed Urug
 13662 | Lair:3   | Killed Urug
 13780 | Lair:3   | Noticed Sonja
 13803 | Lair:3   | Killed Sonja
 14352 | Lair:4   | Got a faintly glowing plate armour
 14354 | Lair:4   | Identified the cursed +0 plate armour of Sorcery {*Drain rElec MP-9 Int+5} (You found it on level 4 of the Lair of Beasts)
 14725 | Lair:4   | Found a stormy altar of Qazlal.
 14798 | Lair:4   | Reached XP level 13. HP: 66/78 MP: 13/13
 14869 | Lair:4   | Reached skill level 12 in Dodging
 15419 | Lair:5   | Noticed an entropy weaver
 15456 | Lair:5   | Slain by an entropy weaver

Skill      XL: |  1  2  3  4  5  6  7  8  9 10 11 12 13 |
---------------+----------------------------------------+-----
Dodging        | 1 2 3 4 5 7 8 10 11 12 | 12.2
Fighting       | 4 5 6 7 8 |  8.0
Armour         | 4 5 6 7 8 10 11 | 11.8
Maces & Flails | 3 4 5 6 7 9 10 | 10.6
Shields        | |  3.2

Action                   |  1- 3 |  4- 6 |  7- 9 | 10-12 | 13-15 || total
-------------------------+-------+-------+-------+-------+-------++-------
Melee: Flail             |   139 |   298 |   164 |       |       ||   601
       Whip              |       |       |   489 |    41 |       ||   530
       Dire flail        |       |       |       |   708 |       ||   708
       Hand axe          |       |       |       |    21 |       ||    21
       Eveningstar       |       |       |       |   302 |    80 ||   382
Throw: Throwing net      |       |     1 |     1 |       |       ||     2
  Use: Scroll            |     2 |       |     2 |    28 |       ||    32
       Potion            |       |       |       |       |     3 ||     3
 Stab: Held in net/web   |       |       |       |     1 |       ||     1
  Eat: Chunk             |     1 |     5 |    15 |    18 |     1 ||    40
       Ration            |       |       |       |     3 |       ||     3
Armor: Scale mail        |    99 |   140 |   236 |       |       ||   475
       Chain mail        |       |       |   116 |    16 |       ||   132
       Plate armour      |       |       |       |   784 |    82 ||   866
Dodge: Dodged            |    60 |    97 |   223 |   654 |   114 ||  1148
Block: Shield            |    79 |   149 |   277 |    28 |       ||   533
